 Dungeon Crawl Stone Soup version 0.30.1-11-g7821555f0a (webtiles) character file.

Game seed: 8277607394709826012

463 lonewolfV2 the Trooper (level 7, -1/59 HPs)
             Began as a Formicid Fighter on Nov 16, 2023.
             Slain by Duvessa
             ... wielding a +0 rapier
              (11 damage)
             ... on level 4 of the Dungeon.
             The game lasted 00:05:34 (2755 turns).

lonewolfV2 the Trooper (Formicid Fighter)           Turns: 2755, Time: 00:05:35

Health: -1/59      AC: 21    Str: 23    XL:     7   Next: 29%
Magic:  7/7        EV:  6    Int:  7    God:
Gold:   178        SH:  6    Dex: 19    Spells: 6/6 levels left

rFire   . . .        a - +0 war axe (protect)
rCold   . . .        c - +0 buckler
rNeg    . . .        g - +0 plate armour
rPois   .            (helmet unavailable)
rElec   .            (no cloak)
rCorr   .            l - +0 pair of gloves
SInv    +            (no boots)
Will    .....        (no amulet) Stlth
                     i - +6 ring of dexterity
HPRegen 0.29/turn    (no ring)
MPRegen 0.10/turn

%: no passive effects
@: mighty, lit by a corona, under a protective aura, glowing
A: permanent stasis, dig shafts and tunnels, antennae 3, four strong arms
a: Dig, Shaft Self


You were on level 4 of the Dungeon.
You visited 1 branch of the dungeon, and saw 4 of its levels.

You collected 178 gold pieces.

Inventory:

Hand Weapons
 a - a +0 war axe of protection (weapon)
 m - a +0 battleaxe of venom
Missiles
 h - a throwing net
Armour
 c - a +0 buckler (worn)
 g - a +0 plate armour (worn)
 l - a +0 pair of gloves (worn)
Jewellery
 i - a +6 ring of dexterity (left hand)
Wands
 k - a wand of roots (12)
Scrolls
 j - 2 scrolls of magic mapping
Potions
 b - a potion of mutation {unknown}
 e - a potion of cancellation {unknown}
 f - a potion of flight {unknown}
 n - 4 potions of curing
 o - a potion of invisibility {unknown}
 q - 3 potions of lignification {unknown}
 r - 2 potions of haste
 s - a potion of resistance {unknown}


   Skills:
 + Level 6.4 Fighting
 - Level 2.0 Axes
 + Level 6.4 Armour
 - Level 4.0 Shields


You had 6 spell levels left.
You didn't know any spells.
Your spell library contained the following spells:

 Spells                   Type           Power      Damage    Failure   Level
 Magic Dart               Conj           0%         1d3       100%        1
 Sandblast                Erth           0%         2d4       100%        1
 Call Imp                 Summ           0%         N/A       100%        2
 Mephitic Cloud           Conj/Pois/Air  0%         N/A       100%        3
 Stone Arrow              Conj/Erth      0%         3d7       100%        3
 Leda's Liquefaction      Hex/Erth       0%         N/A       100%        4
 Borgnjor's Vile Clutch   Necr/Erth      0%         N/A       100%        5


Dungeon Overview and Level Annotations

Branches:
Dungeon (4/15)
 Temple: D:4-7

Altars:
Kikubaaqudgha
Wu Jian
Zin

Shops:
D:2 ?

Annotations:
D:4 1 runed translucent door, Duvessa; monsoonserge's ghost, amateur TeAE


Innate Abilities, Weirdness & Mutations

You cannot be hasted, slowed, berserked, paralysed or teleported.
You can dig through walls and to a lower floor.
You have a pair of large antennae on your head. (SInv)
Your four strong arms can wield two-handed weapons with a shield.


Message History

Dowan casts a spell at you.
You are outlined in light.
You slash Duvessa!
Duvessa is heavily wounded.
You closely miss Dowan.
Duvessa drinks a potion.
Duvessa is healed!
Dowan hits you but does no damage.
You feel very mighty all of a sudden. Duvessa closely misses you.
Dowan barely misses you.
You barely miss Duvessa.
Duvessa is heavily wounded.
You hit Dowan. You block Duvessa's attack. Dowan hits you but does no damage.
Duvessa hits you but does no damage. Dowan hits you but does no damage.
You barely miss Duvessa.
Duvessa is heavily wounded.
You slash Dowan!
You kill Dowan!
Duvessa screams, "No!
How DARE you!"
Duvessa goes berserk!
Duvessa hits you but does no damage. You block Duvessa's attack.
You slash Duvessa!
Duvessa is severely wounded.
Duvessa barely misses you. Duvessa hits you with a +0 rapier!
You hit Duvessa.
Duvessa is severely wounded.
Duvessa hits you with a +0 rapier. Duvessa hits you with a +0 rapier!
You hit Duvessa.
Duvessa is severely wounded.
Duvessa hits you with a +0 rapier. Duvessa hits you but does no damage. x2
You slash Duvessa!
Duvessa is almost dead.
Duvessa hits you but does no damage. Duvessa hits you with a +0 rapier!
You closely miss Duvessa.
Duvessa is almost dead.
Duvessa hits you with a +0 rapier!
* * * LOW HITPOINT WARNING * * *
You block Duvessa's attack.
You barely miss Duvessa.
Duvessa is almost dead.
Duvessa hits you with a +0 rapier!
You die...

+#......#
########
#.##.....#
#.......
...##....#
#.######
....##...# #.#
?♣!.W#...# #.#
....##...# #.#
...##....# #.#
#⌠##..)#.## #.#
###...e@..# #.#
.....###..# #.#
... #).# #.# #
#..#######.######
#............†...
##.#######.######
#.........#
###########


You could see Duvessa (berserk) and monsoonserge's ghost.

Vanquished Creatures
  Edmund (D:4)
  A bullfrog (D:4)
  A scorpion (D:4)
  Dowan (D:4)
  Robin (D:2)
  3 gnolls (D:4)
  4 adders
  A shadow imp (D:3)
  A worm (D:3)
  2 dart slugs (D:1)
  An orc (D:3)
  5 ball pythons
  6 bats
  11 endoplasms
  4 giant cockroaches
  21 goblins
  6 hobgoblins
  3 jackals (D:4)
  5 kobolds
  4 quokkas
  10 frilled lizards
  2 rats
94 creatures vanquished.

Notes
Turn   | Place    | Note
-------+----------+-------------------------------------------
     0 | D:1      | lonewolfV2 the Formicid Fighter began the quest for the
                  | Orb.
     0 | D:1      | Reached XP level 1. HP: 18/18 MP: 1/1
   260 | D:1      | Reached XP level 2. HP: 24/24 MP: 2/2
   366 | D:1      | Reached XP level 3. HP: 30/30 MP: 3/3
   456 | D:1      | You fall into a shaft and drop 1 floor!
   626 | D:1      | Got Nehawnem's Compilation of Spelunking
   827 | D:2      | Noticed Robin
   834 | D:2      | Reached XP level 4. HP: 29/37 MP: 4/4
   838 | D:2      | Killed Robin
  1470 | D:2      | Found Qeqosuy's Magic Scroll Boutique.
  1679 | D:3      | Found a faded altar of an unknown god.
  1805 | D:3      | Reached XP level 5. HP: 43/43 MP: 5/5
  2187 | D:3      | Reached skill level 5 in Fighting
  2187 | D:3      | Reached skill level 5 in Armour
  2268 | D:3      | Found an ancient bone altar of Kikubaaqudgha.
  2268 | D:3      | Found a glowing silver altar of Zin.
  2268 | D:3      | Found an ornate altar of the Wu Jian Council.
  2474 | D:4      | Noticed Edmund
  2493 | D:4      | Killed Edmund
  2494 | D:4      | Reached XP level 6. HP: 38/51 MP: 6/6
  2712 | D:4      | Reached XP level 7. HP: 58/58 MP: 7/7
  2739 | D:4      | Noticed monsoonserge's ghost (amateur TeAE)
  2740 | D:4      | Noticed Dowan
  2741 | D:4      | Found a runed translucent door.
  2742 | D:4      | Noticed Duvessa
  2749 | D:4      | Killed Dowan
  2755 | D:4      | Slain by Duvessa

Illustrated notes

Levels and vault maps discovered:
D:1:      matt_arrival_los_fun, layout_basic
D:2:      layout_loops_ring, serial_shops, nicolae_shop_rolled_up,
          grunt_decor_cap, minmay_misc_feat_encased, minmay_lizard_king,
          uniq_robin
D:3:      minmay_inner_zag, layout_basic, gammafunk_temple_overflow_forgotten,
          ebering_ecumenical_altar_hall, grunt_decor_arrowhead
D:4:      layout_loops_ring, hellmonk_ghost_happy_afterlife, feat_on_display,
          uniq_edmund, uniq_ijyb, uniq_duvessa

Skill      XL: |  1  2  3  4  5  6 |
---------------+-------------------+-----
Fighting       | 4 5 6 |  6.4
Armour         | 4 5 6 |  6.4
Axes           | |  2.0
Shields        | |  4.0

Action                     |  1- 3 |  4- 6 |  7- 9 || total
---------------------------+-------+-------+-------++-------
  Melee: War axe           |    59 |   165 |    15 ||   239
Ability: Dig               |       |     2 |       ||     2
    Use: Scroll            |     4 |     5 |       ||     9
         Potion            |       |       |     1 ||     1
 Armour: Scale mail        |    46 |    80 |       ||   126
         Plate armour      |       |    19 |    13 ||    32
  Dodge: Dodged            |    37 |    66 |     3 ||   106
  Block: Buckler           |    28 |    54 |     5 ||    87
